Map: [ESL] Inside and Out

Players

Mixu

  • Race: Zerg Zerg
  • Spawn Location: 7:00

PiLiPiLi - Winner!

  • Race: Protoss Protoss
  • Spawn Location: 1:00

Event: DreamHack SC2 Masters 2022 Atlanta (Offline)

VOD

Have the link to the VOD?

Description

Time

  • Played on: Nov. 18, 2022, 3:04 p.m.
  • Length: 7:07

All games in this series

Show
View Real Time Build Order
Export as new Build Order

Mixu Zerg 

Build Orders: Hatch First 

Get SALT Encoding   

  12  0:00  Drone  
  13  0:12  Overlord  
  13  0:16  Drone  
  14  0:30  Drone x2  
  16  0:48  Hatchery  
  15  0:51  Drone  
  15  0:55  Drone  
  17  0:58  Drone  
  18  1:10  Extractor  
  17  1:14  Spawning Pool  
  16  1:20  Drone x2  
  18  1:28  Drone  
  19  1:40  Drone  
  20  1:51  Overlord  
  20  2:01  Queen x2  
  20  2:02  Zergling x4  
  26  2:11  Drone x2  
  26  2:14  Metabolic Boost  
  28  2:22  Drone x2  
  30  2:35  Hatchery  
  29  2:39  Drone  
  29  2:40  Drone  
  31  2:48  Overlord  
  31  2:55  Extractor x2  
  31  3:06  Queen, Drone x2, Overlord  
  31  3:08  Drone  
  36  3:24  Queen  
  36  3:25  Drone x5  
  43  3:30  Overlord  
  43  3:32  Drone  
  44  3:46  Queen  
  44  3:47  Drone x4  
  51  3:48  Drone  
  51  3:52  Drone  
  51  3:53  Drone  
  53  3:58  Overlord  
  53  4:05  Drone, Roach Warren  
  53  4:09  Zergling x2  
  54  4:13  Overlord  
  54  4:14  Drone  
  55  4:21  Zergling x10  
  60  4:26  Lair, Overlord  
  60  4:28  Extractor  
  59  4:31  Overlord  
  59  4:39  Overlord  
  59  4:41  Zergling x10  
  59  4:44  Spore Crawler  
  63  4:47  Overlord  
  63  4:48  Drone x3  
  63  4:49  Drone x2  
  68  4:53  Drone  
  68  4:56  Drone  
  68  4:59  Drone  
  71  5:04  Drone  
  71  5:09  Drone  
  71  5:11  Roach  
  71  5:12  Roach x2  
  79  5:14  Drone  
  79  5:18  Extractor, Overlord  
  79  5:19  Extractor  
  77  5:24  Drone  
  77  5:25  Drone  
  77  5:26  Drone x2  
  77  5:28  Overlord  
  81  5:29  Roach x2  
  81  5:33  Roach  
  87  5:38  Overlord  
  87  5:40  Overseer  
  87  5:42  Drone  
  88  5:48  Drone  
  85  5:52  Drone x2  
  79  5:59  Drone x4  
  79  6:00  Drone x3  
  86  6:04  Extractor  
  86  6:05  Roach x3  
  86  6:09  Roach  
  86  6:10  Roach x5  
  103  6:17  Overlord  
  103  6:20  Zergling x4  
  105  6:30  Overlord  
  104  6:38  Zergling x20  
  104  6:39  Roach x2  
  118  6:46  Overlord  
  118  6:48  Ravager  
  118  6:49  Ravager x4  
Show
View Real Time Build Order
Export as new Build Order

PiLiPiLi Protoss - Winner!

Build Orders: 1 Gate Expand, Colossus Rush 

Get SALT Encoding   

  12  0:00  Probe  
  13  0:12  Probe  
  14  0:19  Pylon  
  14  0:24  Probe (Chrono Boost)  
  15  0:37  Probe (Chrono Boost)  
  15  0:38  Gateway  
  16  0:46  Probe (Chrono Boost), Assimilator  
  17  0:51  Probe  
  18  1:03  Probe  
  19  1:15  Probe  
  20  1:22  Nexus  
  20  1:34  Cybernetics Core  
  20  1:37  Probe  
  20  1:43  Assimilator  
  20  1:49  Probe  
  20  1:51  Pylon  
  21  2:02  Probe  
  21  2:07  Stalker (Chrono Boost)  
  22  2:09  Warp Gate (Chrono Boost)  
  22  2:14  Probe  
  25  2:25  Robotics Facility  
  25  2:26  Probe  
  26  2:30  Adept  
  26  2:35  Probe  
  29  2:38  Probe  
  30  2:47  Probe  
  30  2:50  Probe  
  32  2:55  Gateway  
  32  2:59  Probe  
  32  3:02  Probe  
  34  3:08  Warp Prism (Chrono Boost)  
  34  3:11  Probe  
  37  3:14  Probe  
  37  3:19  Robotics Bay  
  38  3:23  Probe  
  38  3:27  Probe  
  40  3:35  Probe  
  40  3:37  Observer  
  40  3:39  Probe  
  43  3:47  Probe, Pylon  
  44  3:51  Probe  
  45  3:58  Pylon  
  45  3:59  Pylon  
  46  4:04  Assimilator  
  46  4:05  Disruptor (Chrono Boost), Probe  
  46  4:06  Assimilator, Stalker x2  
  46  4:09  Probe  
  54  4:16  Gravitic Drive  
  54  4:19  Pylon  
  54  4:38  Disruptor (Chrono Boost)  
  54  4:42  Probe x2  
  59  4:46  Gateway  
  59  4:48  Gateway  
  59  4:51  Gateway  
  59  4:54  Gateway, Probe  
  60  5:03  Colossus (Chrono Boost)  
  60  5:10  Probe  
  60  5:12  Gateway  
  67  5:19  Gateway  
  67  5:20  Gateway  
  67  5:27  Sentry, Stalker  
  71  5:29  Pylon  
  71  5:32  Pylon  
  71  5:39  Pylon  
  71  5:42  Stalker x2  
  72  5:57  Stalker  
  72  5:58  Stalker x3  
  79  6:06  Stalker x2  
  83  6:12  Pylon  
  83  6:36  Stalker  
  83  6:37  Stalker x6  
  83  6:39  Stalker  
  99  6:43  Stalker  
Tags
 
Add a new tag
Caveats
  • Supply blocks, unpowered buildings, or Contaminate may cause inaccurate times.
  • Supply counts are checked every 10 seconds.